 Dungeon Crawl Stone Soup version 0.26.1-11-gd32895ea62 (console) character file.

Game seed: 9448255518654059515

2389 erker the Insei (level 9, -1/68 HPs)
             Began as a Gnoll Transmuter on June 23, 2021.
             Was an Initiate of Cheibriados.
             Slain by an orc warrior
             ... wielding a +0 trident
              (4 damage)
             ... on level 7 of the Dungeon.
             The game lasted 00:13:26 (7571 turns).

erker the Insei (Gnoll Transmuter)                  Turns: 7571, Time: 00:13:26

Health: -1/68      AC:  4    Str: 14    XL:     9   Next: 46%
Magic:  19/19      EV: 16    Int: 19    God:    Cheibriados [......]
Gold:   98         SH:  0    Dex: 17    Spells: 17/21 levels left

rFire    x . .     SeeInvis .     - Unarmed
rCold    + . .     Faith    .   (no shield)
rNeg     . . .     Spirit   .   w - +2 robe {Archmagi}
rPois    .         Reflect  .   (no helmet)
rElec    .         Harm     .   (no cloak)
rCorr    .         Rampage  .   (no gloves)
Will     .....                  (no boots)
Stlth    +++.......             u - amulet of regeneration
HPRegen  0.61/turn              m - ring of ice
MPRegen  0.16/turn              (no ring)

@: very slow
A: distributed training, fangs 1, strong nose
a: Renounce Religion, Bend Time


You were on level 7 of the Dungeon.
You worshipped Cheibriados.
Cheibriados was noncommittal.
You visited 1 branch of the dungeon, and saw 7 of its levels.

You collected 368 gold pieces.
You spent 270 gold pieces at shops.

Inventory:

Missiles
 j - 6 atropa-tipped darts
 l - 3 javelins
 t - 9 poisoned darts (quivered)
Armour
 a - a +0 robe
 w - a +2 robe of the Archmagi (worn)
Jewellery
 e - a cursed -4 ring of slaying {unknown}
 i - an uncursed amulet of magic regeneration
 m - a ring of ice (left hand)
 u - an amulet of regeneration (around neck)
Wands
 d - a wand of acid (8)
 x - a wand of iceblast (10)
Scrolls
 c - a scroll of magic mapping {unknown}
 f - a scroll of immolation {unknown}
 g - 4 scrolls of remove curse
 k - a scroll of fog {unknown}
 n - a scroll of fear {unknown}
 r - 3 scrolls of teleportation {unknown}
Potions
 b - 2 potions of haste
 h - a potion of cancellation {unknown}
 o - 2 potions of flight
 p - 2 potions of degeneration {unknown}
 q - 3 potions of curing
 s - a potion of heal wounds
 v - a potion of mutation {unknown}
 z - a potion of magic
 A - a potion of lignification
 B - a potion of ambrosia


   Skills:
 + Level 5.0 Fighting
 + Level 4.2 Short Blades
 + Level 4.2 Long Blades
 + Level 4.2 Axes
 + Level 4.2 Maces & Flails
 + Level 4.2 Polearms
 + Level 4.2 Staves
 + Level 4.2 Slings
 + Level 4.2 Bows
 + Level 4.2 Crossbows
 + Level 4.2 Throwing
 + Level 4.2 Armour
 + Level 6.3 Dodging
 + Level 4.2 Stealth
 + Level 4.2 Shields
 + Level 7.9 Unarmed Combat
 + Level 6.6 Spellcasting
 + Level 3.5 Conjurations
 + Level 3.5 Hexes
 + Level 3.5 Summonings
 + Level 3.5 Necromancy
 + Level 3.5 Translocations
 + Level 5.2 Transmutations
 + Level 3.5 Fire Magic
 + Level 3.5 Ice Magic
 + Level 3.5 Air Magic
 + Level 3.5 Earth Magic
 + Level 3.5 Poison Magic
 + Level 4.7 Invocations
 + Level 4.2 Evocations


You had 17 spell levels left.
You knew the following spells:

 Your Spells              Type           Power        Failure   Level
a - Beastly Appendage     Tmut           78%          1%          1
s - Spider Form           Tmut/Pois      17%          5%          3

Your spell library contained the following spells:

 Spells                   Type           Power        Failure   Level
 Wereblood                Tmut           39%          1%          2
 Confusing Touch          Hex            29%          8%          3
 Gell's Gravitas          Tloc           14%          8%          3
 Ice Form                 Ice/Tmut       51%          17%         4
 Petrify                  Tmut/Erth      34%          17%         4
 Blade Hands              Tmut           19%          32%         5
 Yara's Violent Unravell  Hex/Tmut       17%          43%         5
 Metabolic Englaciation   Hex/Ice        22%          56%         5


Dungeon Overview and Level Annotations

Branches:
Dungeon (7/15)             Temple (0/1) D:5

Altars:
Ashenzari
Cheibriados
Dithmenos
Nemelex Xobeh
Xom

Shops:
D:6 !


Innate Abilities, Weirdness & Mutations

Your experience applies equally to all skills.
You have very sharp teeth.
Your uncanny sense of smell can sniff out nearby items.


Message History

You feel powerful. The orc warrior completely misses you.
You punch the orc warrior!
You bite the orc warrior, but do no damage.
The orc warrior is heavily wounded.
The orc warrior barely misses you.
You hit the orc warrior.
The orc warrior is severely wounded.
The orc warrior closely misses you.
You closely miss the orc warrior.
The orc warrior is severely wounded.
Something hits you.
The orc warrior hits you with a +0 trident!
* * * LOW HITPOINT WARNING * * *
You hit the orc warrior but do no damage.
The orc warrior is almost dead.
Something barely misses you.
The orc warrior hits you with a +0 trident!
* * * LOW HITPOINT WARNING * * *
The orc warrior hits you with a +0 trident.
You die...

#.....#......
......#.....
...........
.....)....#######
...[....##....#
........##.##.# #####
###....##@##.# #...#
#.+...oo.o##.######.#.#
#.#....#####........#.#
#{#)...##############.#
#.............. #.....#
....>..#############
#.##### .....#. #.#
###. .. #.# # .o. #.#


You could see an orc warrior (very poisoned) and 2 orcs.

Vanquished Creatures
  Grinder (D:5)
  Prince Ribbit (D:6)
  Sigmund (D:5)
  Edmund (D:5)
  An orc warrior (D:7)
  An ogre (D:4)
  A phantom (D:4)
  2 centaurs (D:6)
  A bullfrog (D:6)
  2 scorpions
  A howler monkey (D:5)
  2 bullfrog zombies
  2 centaur zombies (D:5)
  A quasit (D:6)
  A centaur skeleton (D:6)
  2 jellies
  4 orc priests
  A bullfrog skeleton (D:6)
  4 hounds
  8 orc wizards
  An iguana (D:4)
  4 worker ants
  A worker ant zombie (D:6)
  12 adders
  A shadow imp (D:6)
  2 white imps
  2 oozes (D:5)
  An adder skeleton (D:4)
  3 worms (D:4)
  A dart slug (D:3)
  4 leopard geckos
  19 orcs
  2 ball pythons
  15 giant cockroaches
  A goblin (D:5)
  5 hobgoblins
  8 jackals
  5 quokkas
  4 bats
  5 frilled lizards
  8 kobolds
  14 rats
156 creatures vanquished.

Notes
Turn   | Place    | Note
-------+----------+-------------------------------------------
     0 | D:1      | erker the Gnoll Transmuter began the quest for the Orb.
     0 | D:1      | Reached XP level 1. HP: 17/17 MP: 6/6
   534 | D:1      | Reached XP level 2. HP: 23/23 MP: 5/7
  1283 | D:2      | Reached XP level 3. HP: 25/28 MP: 9/9
  1289 | D:2      | Reached skill level 5 in Spellcasting
  1304 | D:2      | Learned a level 3 spell: Spider Form
  1472 | D:2      | Reached skill level 1 in Invocations
  1802 | D:2      | Reached skill level 1 in Short Blades
  1802 | D:2      | Reached skill level 1 in Long Blades
  1802 | D:2      | Reached skill level 1 in Axes
  1802 | D:2      | Reached skill level 1 in Maces & Flails
  1802 | D:2      | Reached skill level 1 in Polearms
  1802 | D:2      | Reached skill level 1 in Staves
  1802 | D:2      | Reached skill level 1 in Slings
  1802 | D:2      | Reached skill level 1 in Bows
  1802 | D:2      | Reached skill level 1 in Crossbows
  1802 | D:2      | Reached skill level 1 in Throwing
  1802 | D:2      | Reached skill level 1 in Armour
  1802 | D:2      | Reached skill level 1 in Stealth
  1802 | D:2      | Reached skill level 1 in Shields
  1802 | D:2      | Reached skill level 1 in Evocations
  1863 | D:2      | Reached XP level 4. HP: 30/34 MP: 9/11
  2004 | D:2      | Reached skill level 1 in Conjurations
  2004 | D:2      | Reached skill level 1 in Hexes
  2004 | D:2      | Reached skill level 1 in Summonings
  2004 | D:2      | Reached skill level 1 in Necromancy
  2004 | D:2      | Reached skill level 1 in Translocations
  2004 | D:2      | Reached skill level 1 in Fire Magic
  2004 | D:2      | Reached skill level 1 in Ice Magic
  2004 | D:2      | Reached skill level 1 in Air Magic
  2004 | D:2      | Reached skill level 1 in Earth Magic
  2004 | D:2      | Reached skill level 1 in Poison Magic
  2907 | D:3      | Reached XP level 5. HP: 38/40 MP: 8/12
  3322 | D:3      | Found a shadowy altar of Dithmenos.
  3571 | D:4      | Reached XP level 6. HP: 47/47 MP: 11/13
  3601 | D:4      | Found a sparkling altar of Nemelex Xobeh.
  3798 | D:4      | Reached skill level 5 in Dodging
  4274 | D:4      | Reached XP level 7. HP: 29/52 MP: 13/15
  4489 | D:4      | Reached skill level 7 in Unarmed Combat
  4520 | D:4      | Found a snail-covered altar of Cheibriados.
  4779 | D:5      | Entered Level 5 of the Dungeon
  5236 | D:5      | Found a shimmering altar of Xom.
  5260 | D:5      | Reached XP level 8. HP: 60/60 MP: 12/16
  5360 | D:5      | Noticed Sigmund
  5387 | D:5      | Killed Sigmund
  5390 | D:5      | HP: 2/60 [orc priest/nerve-wracking pain (8)]
  5399 | D:5      | HP: 2/60 [jackal (1)]
  5747 | D:5      | Found a broken altar of Ashenzari.
  5799 | D:5      | Found a staircase to the Ecumenical Temple.
  5833 | D:5      | Noticed Grinder
  5841 | D:5      | Paralysed by Grinder for 6 turns
  5848 | D:5      | Killed Grinder
  6282 | D:5      | Noticed Edmund
  6303 | D:5      | Killed Edmund
  6526 | D:6      | Reached XP level 9. HP: 53/66 MP: 15/18
  6529 | D:6      | Reached skill level 5 in Transmutations
  6902 | D:6      | Found Qyet's Distillery.
  6908 | D:6      | Bought a potion of magic for 80 gold pieces
  6908 | D:6      | Bought a potion of lignification for 30 gold pieces
  6908 | D:6      | Bought a potion of heal wounds for 50 gold pieces
  6908 | D:6      | Bought a potion of ambrosia for 80 gold pieces
  6908 | D:6      | Bought a potion of flight for 30 gold pieces
  6953 | D:6      | Noticed Prince Ribbit
  6963 | D:6      | Killed Prince Ribbit
  7225 | D:6      | Reached skill level 5 in Fighting
  7438 | D:4      | Became a worshipper of Cheibriados the Contemplative
  7570 | D:7      | HP: 2/68 [orc warrior/+0 trident (14)]
  7571 | D:7      | Slain by an orc warrior

Illustrated notes

Levels and vault maps discovered:
D:1:      dpeg_arrival_arbitrary_b, layout_basic,
          hangedman_decor_diamond_cutter, minivault_27
D:2:      minmay_roachtagon, layout_basic, palyth_stone_intersect,
          grunt_decor_cap, st_stairs_4, minmay_rat_gold_closets
D:3:      layout_loops_ring, nicolae_overflow_crystal_walls, grunt_ministairs_4,
          serial_bayou_lake_a
D:4:      layout_basic, nemelex_xobeh_ov_fountains_minmay, cheibriados_altar_1
D:5:      layout_loops_cross, evilmike_ruin_ashenzari,
          minmay_temple_entry_from_below_b, tgw_xom, uniq_sigmund, uniq_grinder,
          uniq_edmund
D:6:      layout_loops_ring, serial_shops, nicolae_shop_stone,
          uniq_prince_ribbit1
D:7:      layout_basic, trog_eyes_of_draining, lemuel_doored_altar,
          kennysheep_mini_moat, grunt_ministairs_9

Skill      XL: |  1  2  3  4  5  6  7  8  9 |
---------------+----------------------------+-----
Spellcasting   | 5 6 |  6.6
Invocations    | 1 2 3 4 |  4.7
Short Blades   | 1 2 3 4 |  4.2
Long Blades    | 1 2 3 4 |  4.2
Axes           | 1 2 3 4 |  4.2
Maces & Flails | 1 2 3 4 |  4.2
Polearms       | 1 2 3 4 |  4.2
Staves         | 1 2 3 4 |  4.2
Slings         | 1 2 3 4 |  4.2
Bows           | 1 2 3 4 |  4.2
Crossbows      | 1 2 3 4 |  4.2
Throwing       | 1 2 3 4 |  4.2
Armour         | 1 2 3 4 |  4.2
Stealth        | 1 2 3 4 |  4.2
Shields        | 1 2 3 4 |  4.2
Evocations     | 1 2 3 4 |  4.2
Conjurations   | 1 2 3 |  3.5
Hexes          | 1 2 3 |  3.5
Summonings     | 1 2 3 |  3.5
Necromancy     | 1 2 3 |  3.5
Translocations | 1 2 3 |  3.5
Fire Magic     | 1 2 3 |  3.5
Ice Magic      | 1 2 3 |  3.5
Air Magic      | 1 2 3 |  3.5
Earth Magic    | 1 2 3 |  3.5
Poison Magic   | 1 2 3 |  3.5
Fighting       | 3 4 5 |  5.0
Transmutations | 4 5 |  5.2
Dodging        | 5 6 |  6.3
Unarmed Combat | 7 |  7.9

Action                   |  1- 3 |  4- 6 |  7- 9 || total
-------------------------+-------+-------+-------++-------
Melee: Unarmed           |   103 |   107 |   265 ||   475
       Headbutt          |     8 |     2 |       ||    10
       Kick              |     9 |     8 |       ||    17
       Bite              |     5 |     2 |     5 ||    12
       Punch             |     1 |     2 |     1 ||     4
 Cast: Beastly Appendage |    14 |     4 |       ||    18
       Spider Form       |       |     9 |    27 ||    36
  Use: Potion            |       |       |     5 ||     5
       Scroll            |       |       |     1 ||     1
 Stab: Sleeping          |     2 |     8 |     7 ||    17
Armor: Robe              |    19 |     3 |     6 ||    28
       Skin              |       |       |     9 ||     9
Dodge: Dodged            |    82 |    57 |   199 ||   338
